 Dungeon Crawl Stone Soup version 0.27.1-4-g1640c2035a (webtiles) character file.

Game seed: 13433873840992905908

3236 Jerry the Thrower (level 9, -3/76 HPs)
             Began as a Troll Hunter on Nov 11, 2021.
             Was an Initiate of Gozag.
             Killed from afar by a steam dragon (16 damage)
             ... with a ball of steam
             ... on level 8 of the Dungeon.
             The game lasted 00:32:37 (7823 turns).

Jerry the Thrower (Troll Hunter)                    Turns: 7823, Time: 00:32:37

Health: -3/76      AC:  6    Str: 22    XL:     9   Next: 66%
Magic:  8/8        EV: 16    Int:  9    God:    Gozag
Gold:   298        SH:  0    Dex: 11    Spells: 8/8 levels left

rFire    . . .     SeeInvis .   h - +0 whip
rCold    . . .     Faith    .   (no shield)
rNeg     . . .     Spirit   .   b - +0 robe
rPois    +         Reflect  .   (helmet restricted)
rElec    .         Harm     .   f - +1 cloak
rCorr    .         Rampage  .   (gloves unavailable)
Will     .....                  (boots unavailable)
Stlth    ..........             H - amulet of regeneration
HPRegen  2.22/turn              m - ring of poison resistance
MPRegen  0.11/turn              u - +4 ring of evasion

@: silenced, weak-willed
A: large, unfitting armour, claws 3, regeneration 1, shaggy fur 1, tough skin 1
a: Renounce Religion


You were on level 8 of the Dungeon.
You worshipped Gozag.
Gozag was aware of your devotion.
You visited 2 branches of the dungeon, and saw 9 of its levels.
You also visited: Ossuary.

You collected 741 gold pieces.
You spent 360 gold pieces at shops.
You paid 83 gold pieces to Gozag.

Inventory:

Hand Weapons
 h - a +0 whip (weapon)
Missiles
 c - 6 large rocks (quivered)
 d - a throwing net
 B - a curare-tipped dart
Armour
 b - a +0 robe (worn)
 e - a scarf of invisibility
 f - a +1 cloak (worn)
Jewellery
 g - a ring of ice
 i - an amulet of magic regeneration
 m - a ring of poison resistance (left claw)
 n - a ring of flight
 u - a +4 ring of evasion (right claw)
 D - a +4 ring of protection
 H - an amulet of regeneration (around neck)
Wands
 a - a wand of digging (11)
 y - a wand of mindburst (6)
 A - a wand of acid (11)
Scrolls
 j - 4 scrolls of magic mapping
 l - 7 scrolls of identify
 w - a scroll of torment {unknown}
 C - a scroll of amnesia
 E - a scroll of enchant armour
Potions
 k - 5 potions of curing
 p - a potion of mutation {unknown}
 q - 3 potions of lignification {unknown}
 r - 4 potions of brilliance {unknown}
 s - a potion of resistance {unknown}
 t - a potion of berserk rage {unknown}
 x - 2 potions of flight {unknown}
 z - a potion of magic {unknown}
 G - a potion of degeneration {unknown}


   Skills:
 - Level 1.5 Fighting
 + Level 7.1 Maces & Flails
 + Level 8.2 Throwing
 + Level 6.8 Dodging
 - Level 0.3 Stealth


You had 8 spell levels left.
You didn't know any spells.
Your spell library contained the following spells:

 Spells                   Type           Power      Damage    Failure   Level
 Petrify                  Tmut/Erth      0%         N/A       99%         4
 Metabolic Englaciation   Hex/Ice        0%         N/A       100%        5
 Statue Form              Tmut/Erth      0%         N/A       100%        6


Dungeon Overview and Level Annotations

Branches:
Dungeon (8/15)             Temple (1/1) D:7         Ossuary (visited)
   Lair: D:8-11

Altars:
Ashenzari
Cheibriados
Dithmenos
Elyvilon
Fedhas
Gozag
Hepliaklqana
Kikubaaqudgha
Makhleb
Nemelex Xobeh
Okawaru
Ru
Trog
Uskayaw
Vehumet
Wu Jian
Xom
Yredelemnul
Zin
The Shining One

Shops:
D:8 =


Innate Abilities, Weirdness & Mutations

You are too large for most types of armour.
You have claws for hands.
Your natural rate of healing is unusually fast.
You are covered in fur. (AC +1)
You have tough skin. (AC +1)


Message History

The large rock closely misses the steam dragon.
You are engulfed in a cloud of scalding steam.
The steam dragon completely misses you. The steam dragon misses you.
The steam dragon breathes steam at you. The ball of steam hits you!!
* * * LOW HITPOINT WARNING * * *
The steam dragon bites you.
* * * LOW HITPOINT WARNING * * *
The steam dragon closely misses you. The steam dragon breathes steam at you.
The ball of steam hits you!
* * * LOW HITPOINT WARNING * * *
You feel much better.
You are engulfed in a cloud of scalding steam.
The steam dragon barely misses you. The steam dragon closely misses you.
The steam dragon bites you. The steam dragon barely misses you.
As you read the scroll labelled AMEOJOUGET, it crumbles to dust.
Magic quickly surges around you.
It was a scroll of vulnerability.
You are engulfed in a cloud of scalding steam.
* * * LOW HITPOINT WARNING * * *
The steam dragon bites you.
* * * LOW HITPOINT WARNING * * *
The steam dragon completely misses you. The steam dragon barely misses you.
The steam dragon misses you.
As you read the scroll labelled DIANGI QIKHLU, it crumbles to dust.
A profound silence engulfs you.
It was a scroll of silence.
The steam dragon breathes steam at you. The ball of steam hits you.
* * * LOW HITPOINT WARNING * * *
The steam dragon bites you.
* * * LOW HITPOINT WARNING * * *
The steam dragon claws you.
* * * LOW HITPOINT WARNING * * *
Okay, then.
You are engulfed in a cloud of scalding steam.
* * * LOW HITPOINT WARNING * * *
The steam dragon breathes steam at you. The ball of steam hits you!
You die...
Your body crumbles into a pile of gold. #......##§#.# $$$$$$$$$

#.......#..#
#...###.#
#..§.#..#
......###.#.#
.###.# #.#.# #.
#(#§####
#.####.##D..###
#.......?§D@§..#
........(###.∩##
#....###.# #..#
##.#$ #.# #..# #
# #.# #..#
##.###..##
.........######
######.........
#..#######


You could see 2 steam dragons.

Vanquished Creatures
  Grinder (D:4)
  A wraith (D:5)
  Sigmund (D:3)
  Menkaure (D:4)
  2 water moccasins
  2 orc warriors (D:6)
  A hornet zombie (D:5)
  2 sky beasts
  A necrophage (D:4)
  5 ogres
  The ghost of Alannah the Sneak, an amateur MfBr (D:5)
  A kobold brigand (D:7)
  An elf zombie (Ossuary)
  3 bullfrogs
  3 scorpions
  A howler monkey (D:4)
  2 centaur zombies (Ossuary)
  The ghost of Sopaderocas the Sneak, a weakling KoEn (D:3)
  A bullfrog zombie (D:5)
  A gnoll shaman (D:7)
  A jelly (D:4)
  Crazy Yiuf (D:3)
  3 human zombies (Ossuary)
  A centaur skeleton (D:6)
  A hound (D:5)
  Natasha (thrice) (D:4)
  Terence (D:3)
  Ijyb (D:4)
  An iguana (D:5)
  3 orc wizards
  2 mummies (Ossuary)
  A howler monkey zombie (D:7)
  A howler monkey skeleton (D:6)
  4 adders
  A river rat (D:3)
  An ufetubus (D:6)
  3 adder zombies (Ossuary)
  A worm (D:2)
  15 orcs
  3 bats
  8 endoplasms
  5 giant cockroaches
  4 goblins
  9 hobgoblins
  4 jackals (D:1)
  4 quokkas
  2 ball pythons
  5 frilled lizards
  2 goblin zombies (Ossuary)
  8 hobgoblin zombies (Ossuary)
  9 kobolds
  10 kobold zombies (Ossuary)
  8 orc zombies (Ossuary)
  2 quokka zombies (D:4)
  4 rats
164 creatures vanquished.

Vanquished Creatures (others)
  An orc wizard (D:5)
1 creature vanquished.

Grand Total: 165 creatures vanquished

Notes
Turn   | Place    | Note
-------+----------+-------------------------------------------
     0 | D:1      | Jerry the Troll Hunter began the quest for the Orb.
     0 | D:1      | Reached XP level 1. HP: 19/19 MP: 0/0
   166 | D:1      | Reached XP level 2. HP: 27/27 MP: 1/1
   768 | D:2      | Reached skill level 1 in Maces & Flails
   807 | D:2      | Reached skill level 4 in Throwing
   807 | D:2      | Found a faded altar of an unknown god.
   854 | D:2      | Reached XP level 3. HP: 18/33 MP: 2/2
  1301 | D:3      | Found a runed translucent door.
  1321 | D:3      | Found a runed translucent door.
  1322 | D:3      | Noticed Sopaderocas's ghost (weakling KoEn)
  1368 | D:3      | Found a bloodstained altar of Trog.
  1455 | D:3      | Reached XP level 4. HP: 38/41 MP: 3/3
  1531 | D:3      | Noticed Sigmund
  1587 | D:3      | Found a glowing silver altar of Zin.
  1630 | D:3      | Killed Sigmund
  1631 | D:3      | Reached XP level 5. HP: 48/48 MP: 4/4
  1687 | D:3      | Noticed Terence
  1706 | D:3      | HP: 1/48 [Terence (7)]
  1707 | D:3      | Killed Terence
  1762 | D:3      | Found a runed translucent door.
  1763 | D:3      | Noticed Crazy Yiuf
  2193 | D:4      | Noticed an ogre
  2207 | D:4      | HP: 1/48 [ogre (14)]
  2209 | D:4      | Killed an ogre
  2210 | D:4      | Reached skill level 5 in Throwing
  2210 | D:4      | Reached XP level 6. HP: 6/55 MP: 5/5
  2297 | D:4      | Found a sand-covered staircase.
  2297 | D:4      | Noticed Menkaure
  2298 | D:4      | Noticed Ijyb
  2300 | D:4      | Killed Menkaure
  2302 | D:4      | Killed Ijyb
  2325 | Ossuary  | Entered an ossuary
  2528 | Ossuary  | Reached XP level 7. HP: 62/62 MP: 6/6
  2907 | D:4      | Found a sacrificial altar of Ru.
  2918 | D:4      | Noticed Grinder
  2919 | D:4      | Paralysed by Grinder for 7 turns
  2927 | D:4      | Paralysed by Grinder for 5 turns
  2944 | D:4      | Paralysed by Grinder for 5 turns
  2949 | D:4      | Killed Grinder
  2950 | D:4      | Reached skill level 6 in Throwing
  3179 | D:4      | Reached XP level 8. HP: 64/70 MP: 7/7
  3227 | D:4      | Found a radiant altar of Vehumet.
  3293 | D:4      | Noticed Natasha
  3311 | D:4      | Killed Natasha
  3353 | D:4      | Noticed Natasha
  3365 | D:4      | Killed Natasha
  3679 | D:4      | Noticed Natasha
  3693 | D:4      | Killed Natasha
  3884 | D:3      | Killed Sopaderocas's ghost
  3885 | D:3      | Reached skill level 5 in Maces & Flails
  3885 | D:3      | Reached skill level 5 in Dodging
  3976 | D:3      | Killed Crazy Yiuf
  4072 | D:5      | Entered Level 5 of the Dungeon
  4781 | D:5      | Found a runed translucent gate.
  4782 | D:5      | Found a runed translucent gate.
  4782 | D:5      | Found an opulent altar of Gozag.
  4783 | D:5      | Found a runed translucent gate.
  4807 | D:5      | Noticed Alannah's ghost (amateur MfBr)
  4944 | D:5      | Found an ornate altar of the Wu Jian Council.
  5510 | D:5      | Killed Alannah's ghost
  5525 | D:5      | Reached skill level 7 in Throwing
  5645 | D:5      | Became a worshipper of Gozag Ym Sagoz the Greedy
  5705 | D:6      | Reached XP level 9. HP: 73/76 MP: 8/8
  5833 | D:6      | Found a sparkling altar of Nemelex Xobeh.
  6790 | D:7      | Found a staircase to the Ecumenical Temple.
  6803 | Temple   | Entered the Ecumenical Temple
  7064 | D:7      | Reached skill level 8 in Throwing
  7206 | D:7      | Found a shadowy altar of Dithmenos.
  7206 | D:7      | Found a hazy altar of Hepliaklqana.
  7388 | D:7      | Found a white marble altar of Elyvilon.
  7506 | D:7      | Found a snail-covered altar of Cheibriados.
  7760 | D:8      | Found Exampogru's Jewellery Emporium.
  7768 | D:8      | Bought an amulet of regeneration for 360 gold pieces
  7819 | D:8      | HP: 2/76 [steam dragon/ball of steam (14)]
  7823 | D:8      | Killed from afar by a steam dragon

Illustrated notes

Levels and vault maps discovered:
D:1:      zaba_arrival_water, layout_basic
D:2:      layout_basic, hellmonk_ecumenical_altar_lost_god,
          kennysheep_flooded_box
D:3:      layout_basic, mainiacjoe_overflow_paths, mainiacjoe_overflow_alcove_1,
          ebering_ghost_sewer_f, uniq_crazy_yiuf_cottage, uniq_terence,
          uniq_sigmund
D:4:      layout_cave_pods, mainiacjoe_overflow_boulevard, vehumet_crystals,
          enter_ossuary_4, st_stairs_7, uniq_grinder, uniq_ijyb, uniq_natasha,
          uniq_menkaure
D:5:      layout_layer_cave, nzn_wu_jian_council_hall, ebering_ghost_gozag
D:6:      layout_basic, nemelex_dance_club_becter
D:7:      layout_basic, riverfiend_overflow_shadow_ancestor,
          mainiacjoe_overflow_concentric_impassable, kennysheep_mini,
          minmay_temple_entry_mini_moons, st_stairs_9
D:8:      minmay_klotski, layout_loops_ring, serial_shops, shop, uniq_grum,
          uniq_pikel
Temple:   cyrus_temple_forest

Skill      XL: |  1  2  3  4  5  6  7  8  9 |
---------------+----------------------------+-----
Dodging        | 2 3 4 5 6 |  6.8
Maces & Flails | 1 2 3 4 6 7 |  7.1
Throwing       | 4 5 6 7 8 |  8.2
Fighting       | |  1.5
Stealth        | |  0.3

Action                   |  1- 3 |  4- 6 |  7- 9 || total
-------------------------+-------+-------+-------++-------
Melee: Mace              |    48 |       |       ||    48
       Short sword       |    10 |       |       ||    10
       Whip              |   131 |   141 |   809 ||  1081
Throw: Large rock        |       |    15 |    46 ||    61
       Throwing net      |       |       |     2 ||     2
  Use: Scroll            |       |     4 |     5 ||     9
       Potion            |       |       |     3 ||     3
 Stab: Sleeping          |       |     1 |     3 ||     4
Armor: Robe              |    71 |    71 |   201 ||   343
Dodge: Dodged            |    99 |    73 |   435 ||   607
